 Dungeon Crawl Stone Soup version 0.29.1-2-gbd0b4ee654 (webtiles) character file.

Game seed: 3127012014140934743

175 kingsuperguy the Slasher (level 5, -12/47 HPs)
             Began as a Minotaur Berserker on Nov 16, 2022.
             Was a Believer of Trog.
             Mangled by an ogre
             ... wielding a +0 giant club
              (28 damage)
             ... on level 4 of the Dungeon.
             The game lasted 00:10:26 (3982 turns).

kingsuperguy the Slasher (Minotaur Berserker)       Turns: 3982, Time: 00:10:27

Health: -12/47     AC: 15    Str: 22    XL:     5   Next: 29%
Magic:  4/4        EV: 11    Int:  4    God:    Trog [**....]
Gold:   197        SH:  3    Dex: 11    Spells: 4/4 levels left

rFire   . . .      SeeInvis .   c - +4 dagger
rCold   . . .      Faith    .   d - +0 buckler
rNeg    . . .      Spirit   .   o - +0 ring mail
rPois   .          Reflect  .   (helmet restricted)
rElec   .          Harm     .   F - +1 cloak
rCorr   .          Rampage  .   (no gloves)
Will    .....                   (no boots)
Stlth   +.........              (no amulet)
HPRegen 0.15/turn               g - +4 ring of protection
MPRegen 0.09/turn               y - +4 ring of protection

@: studying Polearms
A: horns 2, retaliatory headbutt
a: Renounce Religion, Berserk, Trog's Hand


You were on level 4 of the Dungeon.
You worshipped Trog.
Trog was pleased with you.
You visited 1 branch of the dungeon, and saw 4 of its levels.

You collected 197 gold pieces.

Inventory:

Hand Weapons
 a - a +0 falchion
 c - a +4 dagger (weapon)
 r - a +1 sling of freezing
 v - a +3 falchion of holy wrath
 E - the +1 hand axe "Guijomug" {chaos, rF+ rN+}
   (You found it on level 3 of the Dungeon)

   Each time it hits an enemy it has a different, random effect.
   rF:        It protects you from fire.
   rN:        It protects you from negative energy.
 G - a +0 spear
Missiles
 t - 4 javelins (quivered)
 I - 10 poisoned darts
Armour
 b - a +0 animal skin
 d - a +0 buckler (worn)
 n - a +0 leather armour
 o - a +0 ring mail (worn)
 F - a +1 cloak (worn)
Jewellery
 g - a +4 ring of protection (left hand)
 x - a ring of poison resistance
 y - a +4 ring of protection (right hand)
 B - a ring of resist corrosion
Scrolls
 f - a scroll of magic mapping {unknown}
 h - a scroll of butterflies {unknown}
 j - 6 scrolls of identify {unknown}
 k - a scroll of blinking {unknown}
 m - 2 scrolls of teleportation {unknown}
 p - a scroll of enchant armour {unknown}
 s - a scroll of amnesia {unknown}
 C - a scroll of silence {unknown}
 H - a scroll of vulnerability {unknown}
Potions
 e - 3 potions of curing {unknown}
 i - 4 potions of mutation {unknown}
 l - 2 potions of heal wounds {unknown}
 q - a potion of brilliance {unknown}
 u - a potion of lignification {unknown}
 w - 2 potions of attraction {unknown}
 z - a potion of ambrosia {unknown}
 A - a potion of cancellation {unknown}
 D - a potion of haste {unknown}
 J - a potion of magic {unknown}


   Skills:
 + Level 4.7 Fighting
 - Level 1.0(2.8) Short Blades
 - Level 4.7 Long Blades
 * Level 3.2 Polearms
 + Level 0.2 Ranged Weapons
 + Level 2.8 Armour
 + Level 3.1 Dodging
 + Level 1.1 Stealth


You had 4 spell levels left.
You didn't know any spells.
Your spell library was empty.

Dungeon Overview and Level Annotations

Branches:
Dungeon (4/15)
 Temple: D:4-7

Altars:
Cheibriados
Fedhas
Vehumet
Yredelemnul
The Shining One


Innate Abilities, Weirdness & Mutations

You have a pair of horns on your head.
You reflexively headbutt those who attack you in melee.


Message History

Press: ? - help, Q - select action, (/) - cycle Shift-Dir - straight line, f/p - centaur
Aim: a centaur, wielding a +0 shortbow of flaming (almost dead, 68% to hit)
You shoot a sling bullet. The sling bullet hits the centaur.
The sling bullet freezes the centaur.
You kill the centaur!
Trog accepts your kill. The adder completely misses you.
The adder closely misses you.
Your Polearms skill increases to level 3!
Your Dodging skill increases to level 3!
Your Stealth skill increases to level 1!
You have reached level 5!
The ogre hits you with a +0 giant club! The adder bites you but does no damage.
Unknown command.
Unknown command.
Okay, then.
Okay, then.
Okay, then.
The adder attacks as you move away! The adder barely misses you.
The adder attacks as you move away! The adder bites you but does no damage.
The adder attacks as you move away! The adder barely misses you.
Found a ring mail.
The adder bites you.
You are poisoned.
The adder poisons you!
You feel sick.
You feel sick.
Your +1 sling of freezing stops glowing.
c - a +4 dagger (weapon)
You feel sick. The adder bites you but does no damage.
The ogre attacks as you move away! The ogre closely misses you.
You furiously retaliate!
You headbutt the ogre.
You feel sick.
You closely miss the adder.
You feel sick.
You are no longer poisoned.
The adder completely misses you. The adder attacks as you move away!
The adder bites you but does no damage. x2
Found a hand axe.
The adder attacks as you move away! The adder bites you but does no damage.
The ogre attacks as you move away!
The ogre hits you with a +0 giant club!!
Ouch! That really hurt!
You die...

## .. .# .# ...##.. ##.
#........ ###.#
##........ .#.###...##
#.......# #~.....@S.#
##.......#
~.)..##.O.####........##
~.. .#.....##...........
# ...................)##
.......##.............
#......####(.......#.#.
#.....## #..........#!
.....# #..##...<...#.
.... #..######..#.#.


You could see an ogre and an adder.

Vanquished Creatures
  A centaur (D:4)
  Robin (D:2)
  A dart slug (D:1)
  6 orcs
  4 bats
  4 endoplasms
  3 giant cockroaches
  9 hobgoblins
  6 jackals (D:1)
  6 kobolds
  3 quokkas
  3 ball pythons
  3 frilled lizards
  14 goblins
  4 rats (D:3)
68 creatures vanquished.

Notes
Turn   | Place    | Note
-------+----------+-------------------------------------------
     0 | D:1      | kingsuperguy the Minotaur Berserker began the quest for the
                  | Orb.
     0 | D:1      | Reached XP level 1. HP: 19/19 MP: 0/0
   171 | D:1      | Reached XP level 2. HP: 16/27 MP: 1/1
   780 | D:1      | Reached ** piety under Trog
   788 | D:1      | Reached XP level 3. HP: 20/33 MP: 2/2
  1292 | D:1      | Reached skill level 1 in Polearms
  2293 | D:2      | Noticed Robin
  2314 | D:2      | Killed Robin
  2320 | D:2      | Reached XP level 4. HP: 25/41 MP: 3/3
  2768 | D:2      | Found a blossoming altar of Fedhas.
  3138 | D:2      | Found a faded altar of an unknown god.
  3349 | D:3      | Found a radiant altar of Vehumet.
  3415 | D:3      | Identified the +1 hand axe "Guijomug" {chaos, rF+ rN+}
  3512 | D:3      | Reached skill level 1 in Short Blades
  3704 | D:3      | Found a basalt altar of Yredelemnul.
  3713 | D:3      | Found a glowing golden altar of the Shining One.
  3961 | D:4      | Noticed a centaur
  3961 | D:4      | Found a snail-covered altar of Cheibriados.
  3964 | D:4      | Noticed an ogre
  3968 | D:4      | Killed a centaur
  3969 | D:4      | Reached skill level 1 in Stealth
  3969 | D:4      | Reached XP level 5. HP: 32/47 MP: 4/4
  3982 | D:4      | Mangled by an ogre

Illustrated notes

Levels and vault maps discovered:
D:1:      kilobyte_arrival_exit_the_forest, layout_basic
D:2:      layout_basic, hellmonk_ecumenical_altar_defaced_shrine, basic_altar,
          roderic_lattice_a, uniq_robin
D:3:      layout_loops_ring, grunt_temple_overflow_holy_war,
          mainiacjoe_overflow_brackets, hangedman_decor_points
D:4:      layout_layer_cave, mainiacjoe_overflow_cross_hatched,
          mainiacjoe_overflow_boulevard, mainiacjoe_overflow_large_starburst,
          gammafunk_ghost_smash, minmay_misc_feat_roman, fountainhead,
          kennysheep_generic_room_2, uniq_natasha, uniq_eustachio

Skill      XL: |  1  2  3  4 |
---------------+-------------+-----
Long Blades    | 4 |  4.7
Fighting       | 4 |  4.7
Polearms       | 1 3 |  3.2
Short Blades   | 1 |  1.0
Dodging        | 3 |  3.1
Stealth        | 1 |  1.1
Ranged Weapons | |  0.2
Armour         | |  2.8

Action                   |  1- 3 |  4- 6 || total
-------------------------+-------+-------++-------
Melee: Dagger            |    89 |    29 ||   118
       Headbutt          |    10 |     6 ||    16
       Spear             |       |    13 ||    13
 Fire: Sling             |       |     5 ||     5
Invok: Berserk           |     1 |       ||     1
 Stab: Sleeping          |     1 |     1 ||     2
Armor: Animal skin       |    10 |       ||    10
       Leather armour    |     8 |    10 ||    18
       Ring mail         |       |     9 ||     9
Dodge: Dodged            |    54 |    23 ||    77
Block: Buckler           |     9 |     2 ||    11
